 Dungeon Crawl Stone Soup version 0.25.1-1-g288607f5aa (webtiles) character file.

Game seed: 15353060975179765878

281 Curus the Carver (level 6, -2/76 HPs)
             Began as a Minotaur Berserker on July 25, 2020.
             Was a Believer of Trog.
             Slain by a killer bee (6 damage)
             ... on level 3 of the Dungeon.
             The game lasted 00:08:05 (2294 turns).

Curus the Carver (Minotaur Berserker)               Turns: 2294, Time: 00:08:06

Health: -2/76      AC: 13    Str: 21    XL:     6   Next: 6%
Magic:  5/5        EV:  6    Int:  6    God:    Trog [**....]
Gold:   141        SH:  0    Dex: 10    Spells: 5/5 levels left

rFire    . . .     SeeInvis .   a - +0 falchion
rCold    . . .     Gourm    .   (no shield)
rNeg     . . .     Faith    .   e - +1 plate armour
rPois    .         Spirit   .   (helmet restricted)
rElec    .         Reflect  .   d - +0 cloak
rCorr    .         Harm     .   (no gloves)
MR       ++...                  (no boots)
Stlth    ..........             (no amulet)
HPRegen  1.22/turn              (no ring)
MPRegen  0.09/turn              (no ring)

@: berserking, lethally poisoned (-2 -> -6), regenerating, very quick
A: retaliatory headbutt, horns 2
a: Berserk, Trog's Hand, Renounce Religion


You were on level 3 of the Dungeon.
You worshipped Trog.
Trog was pleased with you.
You were hungry.

You visited 1 branch of the dungeon, and saw 3 of its levels.

You collected 141 gold pieces.

Inventory:

Hand Weapons
 a - a +0 falchion (weapon)
Armour
 b - a +0 animal skin
 d - a +0 cloak (worn)
 e - a +1 plate armour (worn)
Jewellery
 g - an uncursed amulet of inaccuracy
Wands
 h - a wand of flame (17)
Scrolls
 f - 4 scrolls of identify
Potions
 i - a potion of invisibility
Comestibles
 c - 7 rations
 j - 2 chunks of flesh


   Skills:
 - Level 3.6 Fighting
 + Level 8.2 Long Blades
 - Level 2.4 Armour
 - Level 2.1 Dodging


You had 5 spell levels left.
You didn't know any spells.
Your spell library was empty.

Dungeon Overview and Level Annotations

Branches:
Dungeon (3/15)

Altars:


Innate Abilities, Weirdness & Mutations

You reflexively headbutt those who attack you in melee.
You have a pair of horns on your head.


Message History

Your skin crawls.
You feel resistant to hostile enchantments.
You feel quite a bit more hungry.
You feel sick.
The killer bee stings you but does no damage. x6
Okay, then.
A red film seems to cover your vision as you go berserk!
You feel yourself moving faster!
You feel mighty!
You are feeling hungry.
You feel sick.
The killer bee stings you but does no damage. x3
The killer bee stings you.
* * * LOW HITPOINT WARNING * * *
The killer bee barely misses you.
The killer bee stings you but does no damage.
Your plate armour prevents you from hitting the killer bee.
Your headbutt misses the killer bee.
You feel sick. The killer bee stings you.
* * * LOW HITPOINT WARNING * * *
You are lethally poisoned!
The killer bee poisons you! The killer bee stings you.
You die...

###....###.#.......#
. #................#
.
#+#..###.........####
#..................
#...###............
#...# #..#####.....
#...# #..##........
#)..# # #........
#y@## #........ #yy#
######### #..# # #..#
# #..# # #... # #....
# #....# # #..... ##


You could see 3 killer bees.

Vanquished Creatures
  2 killer bees (D:3)
  Crazy Yiuf (D:2)
  Jessica (D:2)
  Terence (D:3)
  Robin (D:2)
  5 adders (D:2)
  A worm (D:3)
  A dart slug (D:1)
  4 leopard geckos
  An orc (D:3)
  A ball python (D:3)
  2 giant cockroaches (D:2)
  7 hobgoblins
  A quokka (D:2)
  6 bats
  A frilled lizard (D:2)
  12 goblins
  6 kobolds
  4 rats
58 creatures vanquished.

Notes
Turn   | Place    | Note
-------+----------+-------------------------------------------
     0 | D:1      | Curus the Minotaur Berserker began the quest for the Orb.
     0 | D:1      | Reached XP level 1. HP: 19/19 MP: 0/0
    80 | D:1      | Reached skill level 4 in Long Blades
   324 | D:1      | Reached XP level 2. HP: 24/26 MP: 1/1
   729 | D:2      | Reached skill level 5 in Long Blades
   729 | D:2      | Reached XP level 3. HP: 31/31 MP: 2/2
   880 | D:2      | Reached ** piety under Trog
   891 | D:2      | Noticed Robin
   910 | D:2      | Killed Robin
  1187 | D:2      | Reached skill level 6 in Long Blades
  1187 | D:2      | Reached XP level 4. HP: 35/39 MP: 3/3
  1684 | D:2      | Noticed Jessica
  1696 | D:2      | Killed Jessica
  1855 | D:2      | Found a runed translucent door.
  1856 | D:2      | Noticed Crazy Yiuf
  1867 | D:2      | Killed Crazy Yiuf
  1867 | D:2      | Reached skill level 7 in Long Blades
  1867 | D:2      | Reached XP level 5. HP: 34/45 MP: 1/4
  2060 | D:3      | Noticed Terence
  2071 | D:3      | Killed Terence
  2282 | D:3      | Reached *** piety under Trog
  2283 | D:3      | Reached skill level 8 in Long Blades
  2283 | D:3      | Reached XP level 6. HP: 33/51 MP: 5/5
  2294 | D:3      | Slain by a killer bee

Illustrated notes

Levels and vault maps discovered:
D:1:      evilmike_arrival_hilbert_curve, layout_loops_ring
D:2:      layout_loops_ring, first_ration, uniq_crazy_yiuf_cottage,
          uniq_jessica, uniq_robin
D:3:      layout_basic, kennysheep_okawaru_gauntlet,
          nicolae_overflow_hidden_temple, hangedman_decor_points, uniq_terence,
          uniq_sigmund

Skill      XL: |  1  2  3  4  5 |
---------------+----------------+-----
Long Blades    | 4 5 6 7 8 |  8.2
Fighting       | |  3.6
Armour         | |  2.4
Dodging        | |  2.1

Action                   |  1- 3 |  4- 6 || total
-------------------------+-------+-------++-------
Melee: Falchion          |    90 |   122 ||   212
       Headbutt          |    11 |     9 ||    20
Invok: Berserk           |     1 |     1 ||     2
       Trog's Hand       |       |     1 ||     1
  Use: Scroll            |     3 |     3 ||     6
       Potion            |     2 |     1 ||     3
  Eat: Chunk             |     2 |     4 ||     6
Armor: Animal skin       |     3 |       ||     3
       Plate armour      |    69 |    93 ||   162
Dodge: Dodged            |    46 |    41 ||    87
       Rpst.: Falchion   |    13 |    13 ||    26
